 Dungeon Crawl Stone Soup version 0.17-a0-1887-g3e50df6 (webtiles) character file.

228 GrandHerb the Skirmisher (level 5, -2/46 HPs)
             Began as a Centaur Fighter on Sept 23, 2015.
             Slain by an adder (4 damage)
             ... on level 4 of the Dungeon.
             The game lasted 00:26:53 (3745 turns).

GrandHerb the Skirmisher (Centaur Fighter)          Turns: 3745, Time: 00:26:53

Health: -2/46      AC: 14    Str: 19    XL:     5   Next: 70%
Magic:  5/5        EV:  3    Int:  7    God:
Gold:   105        SH:  8    Dex:  9    Spells: 0 memorised, 4 levels left

rFire  . . .     SeeInvis .     a - +0 trident
rCold  . . .     Clarity  .     q - +0 chain mail
rNeg   . . .     SustAt   .     c - +0 shield
rPois  .         Gourm    .     (no helmet)
rElec  .         Spirit   .     (no cloak)
rCorr  .         Warding  .     p - +0 pair of gloves
rMut   .         Stasis   .     (no barding)
MR     .....                    (no amulet)
Stlth  ..........               (no ring)
                                j - +5 ring of protection

@: lethally poisoned (-2 -> -7), very quick, not resistant to hostile
enchantments, extremely unstealthy
A: hooves 3, deformed body, speed 2, tough skin 3
a: no special abilities


You were on level 4 of the Dungeon.
You were very hungry.

You visited 1 branch of the dungeon, and saw 4 of its levels.

You collected 105 gold pieces.

Inventory:

Hand weapons
 a - a +0 trident (weapon)
Armour
 c - a +0 shield (worn)
 p - a +0 pair of gloves (worn)
 q - a +0 chain mail (worn)
Jewellery
 j - a +5 ring of protection (left hand)
Magical devices
 v - a wand of polymorph (10)
Scrolls
 m - a scroll of enchant armour {unknown}
 o - 2 scrolls of enchant weapon
 t - a scroll of recharging {unknown}
 u - a scroll of blinking {unknown}
 w - a scroll of remove curse {unknown}
Potions
 b - a potion of heal wounds
 d - 2 potions of might
 g - 2 potions of mutation
 h - a potion of lignification
 n - a potion of curing
 r - a potion of agility
Books
 s - a book of the Warp

   Spells                             Type                      Level
   a - Recall                         Summoning/Translocation      3
   b - Gell's Gravitas                Hexes/Translocation          3
   c - Force Lance                    Conjuration/Translocation    4
   d - Phase Shift                    Translocation                5
   e - Warp Weapon                    Charms/Translocation         5
   f - Summon Forest                  Summoning/Translocation      5
Comestibles
 e - 3 bread rations
 f - 3 meat rations
 i - 2 fruits
 k - 2 beef jerkies


   Skills:
 + Level 3.8 Fighting
 + Level 2.8 Polearms
 + Level 3.0 Armour
 + Level 1.8 Dodging
 + Level 2.7 Shields


You had 4 spell levels left.
You didn't know any spells.

Dungeon Overview and Level Annotations

Branches:
Dungeon (4/15)
 Temple: D:4-7

Altars:
Fedhas
Makhleb
Nemelex Xobeh
Okawaru
Qazlal
Sif Muna
Vehumet

Annotations:
D:2 exclusion: oklob plant
D:4 Eustachio


Innate Abilities, Weirdness & Mutations

You have hooves in place of feet.
Armour fits poorly on your strangely shaped body.
You cover ground very quickly.
You have extremely tough skin (AC +3).


Message History

You block the adder's attack.
Eustachio gestures wildly while chanting.
Eustachio blinks!
You miss the adder. Your kick misses the adder.
You feel sick. The adder bites you but does no damage.
You block the adder's attack.
You miss the adder. You block the adder's attack.
The adder bites you but does no damage.
You closely miss the adder. Your kick misses the adder.
The adder bites you but does no damage.
You closely miss the adder.
You feel sick.
The adder bites you but does no damage. x2
You closely miss the adder. Your kick misses the adder. The adder bites you.
* * * LOW HITPOINT WARNING * * *
You are lethally poisoned!
The adder poisons you!
Eustachio growls, "To hell with you, honourless miscreant!"
You miss the adder.
* * * LOW HITPOINT WARNING * * *
You feel sick. The adder bites you but does no damage. The adder bites you.
You die...

###########
.......@SS#
##.#.####.#####
#..@...# #..#.#.#
#...###..# . #..#
##.# .. #.#.
##..#####...
#.#$.#....>......
.. #............


You could see Eustachio and 2 adders.

Vanquished Creatures
  The ghost of wvc the Changer, an average VSTm (D:3)
  A hound (D:3)
  2 orc wizards (D:3)
  2 adders (D:2)
  An ooze (D:3)
  3 giant geckos
  4 orcs (D:3)
  7 bats
  3 giant cockroaches
  10 hobgoblins
  3 kobolds
  6 giant newts
  12 goblins
  4 jackals
  8 rats
67 creatures vanquished.

Notes
Turn   | Place    | Note
--------------------------------------------------------------
     0 | D:1      | GrandHerb the Centaur Fighter began the quest for the Orb.
     0 | D:1      | Reached XP level 1. HP: 19/19 MP: 1/1
   368 | D:1      | Reached XP level 2. HP: 26/26 MP: 2/2
   967 | D:2      | Reached XP level 3. HP: 29/31 MP: 3/3
  1006 | D:2      | Found a radiant altar of Vehumet.
  1183 | D:2      | Found a sparkling altar of Nemelex Xobeh.
  1371 | D:2      | Reached skill level 1 in Dodging
  1509 | D:2      | Found a blossoming altar of Fedhas.
  1521 | D:2      | Noticed an oklob plant
  1630 | D:2      | Found a stormy altar of Qazlal.
  1819 | D:3      | Noticed wvc's ghost (average VSTm)
  1820 | D:3      | Reached XP level 4. HP: 38/38 MP: 4/4
  2305 | D:3      | Killed wvc's ghost
  2426 | D:3      | Reached XP level 5. HP: 45/45 MP: 5/5
  3071 | D:3      | Found a deep blue altar of Sif Muna.
  3360 | D:4      | Noticed an ogre
  3667 | D:3      | HP: 2/46 [ogre/giant club (20)]
  3701 | D:4      | Found a burning altar of Makhleb.
  3701 | D:4      | Noticed Eustachio
  3705 | D:4      | Found an iron altar of Okawaru.
  3745 | D:4      | HP: 2/46 [poisoned by an adder]
  3745 | D:4      | Slain by an adder

Vault maps used:
D:1:      minmay_arrival_widening_spiral_wide
D:2:      grunt_qazlal_sundering, vehumet_crystals, tgw_fedhas,
          nemelex_xobeh_ov_fountains_minmay
D:3:      led_sif_book, first_bread
D:4:      grunt_temple_overflow_open, yredelemnul_forgotten_temple_becter,
          serial_shops, shop, uniq_grinder, uniq_crazy_yiuf_cottage,
          uniq_eustachio

Action                   |  1- 3 |  4- 6 || total
-------------------------+-------+-------++-------
Melee: Trident           |   137 |   205 ||   342
  Use: Scroll            |       |     6 ||     6
  Eat: Chunk             |     2 |     3 ||     5
       Fruit             |       |     1 ||     1
